 Dungeon Crawl Stone Soup version 0.29-b1-12-g9e2288ab2a (webtiles) character file.

Game seed: 133644398460293754

126 Zeldest the Grave Robber (level 4, -1/41 HPs)
             Began as a Troll Necromancer on Aug 23, 2022.
             Slain by Duvessa
             ... wielding a +0 rapier
              (3 damage)
             ... on level 4 of the Dungeon.
             The game lasted 00:03:16 (669 turns).

Zeldest the Grave Robber (Troll Necromancer)         Turns: 669, Time: 00:03:16

Health: -1/41      AC:  5    Str: 16    XL:     4   Next: 84%
Magic:  0/4        EV:  9    Int: 13    God:
Gold:   48         SH:  0    Dex: 10    Spells: 4/5 levels left

rFire   + . .      SeeInvis .     - Unarmed
rCold   + . .      Faith    .   (no shield)
rNeg    . . .      Spirit   +   a - +0 robe
rPois   +          Reflect  .   (helmet restricted)
rElec   +          Harm     .   (no cloak)
rCorr   +          Rampage  .   (gloves unavailable)
Will    .....                   (boots unavailable)
Stlth   +.........              j - amulet of guardian spirit
HPRegen 0.93/turn               (no ring)
MPRegen 0.09/turn               (no ring)

@: mighty, brilliant, lit by a corona, resistant, glowing
A: large, unfitting armour, claws 3, regeneration 1, shaggy fur 2, tough skin 1,
evolution 1
a: no special abilities


You were on level 4 of the Dungeon.
You visited 1 branch of the dungeon, and saw 4 of its levels.

You collected 48 gold pieces.

Inventory:

Armour
 a - a +0 robe (worn)
Jewellery
 j - an amulet of guardian spirit (around neck)
Scrolls
 c - a scroll of noise {unknown}
 d - 2 scrolls of identify {unknown}
 f - 2 scrolls of teleportation {unknown}
 i - a scroll of amnesia {unknown}
Potions
 b - a potion of magic
 l - a potion of curing {unknown}


   Skills:
 + Level 1.6 Fighting
 - Level 1.5 Dodging
 - Level 1.0 Stealth
 * Level 3.1 Unarmed Combat
 - Level 1.2 Spellcasting
 - Level 3.2 Necromancy
 + Level 1.4 Transmutations


You had 4 spell levels left.
You knew the following spells:

 Your Spells              Type           Power      Damage    Failure   Level
a - Necrotise             Necr           52%        1d6       8%          1

Your spell library contained the following spells:

 Spells                   Type           Power      Damage    Failure   Level
 Vampiric Draining        Necr           13%        2d6       22%         3
 Animate Dead             Necr           13%        N/A       58%         4
 Agony                    Necr           13%        N/A       90%         5


Dungeon Overview and Level Annotations

Branches:
Dungeon (4/15)
 Temple: D:4-7

Altars:
Dithmenos
Makhleb
Sif Muna

Annotations:
D:4 Dowan, Duvessa


Innate Abilities, Weirdness & Mutations

You are too large for most types of armour.
You have claws for hands.
Your natural rate of healing is unusually fast.
You are covered in thick fur. (AC +2)
You have tough skin. (AC +1)
You have hidden genetic potential.


Message History

There is a stone staircase leading down here.
You climb downwards.
Duvessa shouts!
Dowan shouts!
You hear a shout!
Duvessa drinks a potion.
Duvessa seems to speed up.
Found a black potion.
There is a stone staircase leading up here.
It was a potion of might.
You feel very mighty all of a sudden.
You barely miss Dowan. Dowan closely misses you.
A goblin comes into view. It is wielding a +0 club.
You closely miss Duvessa. Duvessa hits you with a +0 rapier!
You claw Duvessa!
Duvessa is moderately wounded.
Duvessa hits you with a +0 rapier. Dowan hits you with a +0 dagger.
You barely miss Duvessa.
Duvessa is moderately wounded.
Duvessa hits you with a +0 rapier. Duvessa hits you but does no damage.
Dowan hits you with a +0 dagger.
You barely miss Duvessa.
Duvessa is moderately wounded.
Duvessa hits you with a +0 rapier! Dowan hits you with a +0 dagger.
It was a potion of resistance.
You feel protected.
Duvessa says, "Practise, practise, practise!
One day you'll be as good as me." Duvessa hits you with a +0 rapier.
* * * LOW HITPOINT WARNING * * *
Dowan barely misses you. Duvessa hits you with a +0 rapier!
* * * LOW HITPOINT WARNING * * *
Okay, then.
It was a potion of brilliance.
You feel clever all of a sudden. Duvessa hits you with a +0 rapier.
* * * LOW HITPOINT WARNING * * *
Dowan casts a spell at you.
You are outlined in light.
It was a potion of mutation.
You feel extremely strange.
Your fur grows into a thick mane.
You feel a hidden potential growing inside you.
Duvessa hits you with a +0 rapier.
You die...

#..# ##
...##### ..
#...... ##.##
....?.# ###
#... .[.#..#
##... #g.#
...#..#
#.....#ee#.#
#.##..#
#......@...#
.)....#
#....!#.......#
.)...<# ##...
#.####.##
...#### ##. #..
...# .. .##
...######.# .
........#.## .
.......(.... #.
........#.##


You could see Duvessa (fast), Dowan and a goblin.

Vanquished Creatures
  A hound (D:4)
  An orc priest (D:4)
  2 adders (D:3)
  A worm (D:2)
  A dart slug (D:2)
  5 orcs
  4 ball pythons
  4 bats
  An endoplasm (D:4)
  2 giant cockroaches
  3 goblins
  3 hobgoblins
  2 quokkas
  A frilled lizard (D:3)
  7 kobolds
  3 rats
41 creatures vanquished.

Notes
Turn   | Place    | Note
-------+----------+-------------------------------------------
     0 | D:1      | Zeldest the Troll Necromancer began the quest for the Orb.
     0 | D:1      | Reached XP level 1. HP: 16/16 MP: 1/1
   142 | D:3      | Reached skill level 1 in Unarmed Combat
   144 | D:3      | Reached XP level 2. HP: 26/26 MP: 2/2
   342 | D:3      | Reached XP level 3. HP: 31/32 MP: 3/3
   414 | D:3      | Reached skill level 1 in Fighting
   422 | D:3      | Found a shadowy altar of Dithmenos.
   485 | D:3      | Found a faded altar of an unknown god.
   489 | D:3      | Found a shimmering blue altar of Sif Muna.
   522 | D:3      | You fall into a shaft and drop 1 floor!
   551 | D:4      | Reached skill level 1 in Transmutations
   551 | D:4      | Reached XP level 4. HP: 34/41 MP: 2/4
   631 | D:3      | Found a burning altar of Makhleb.
   659 | D:4      | Noticed Duvessa
   659 | D:4      | Noticed Dowan
   668 | D:4      | HP: 1/41 [Duvessa/+0 rapier (3)]
   669 | D:4      | Gained mutation: You are covered in thick fur. (AC +2)
                  | [potion of mutation]
   669 | D:4      | Gained mutation: You have hidden genetic potential. [potion
                  | of mutation]
   669 | D:4      | Slain by Duvessa

Illustrated notes

Levels and vault maps discovered:
D:1:      ldierk_walled_garden_2, layout_basic,
          hellmonk_ecumenical_altar_pennies_from_heaven,
          minmay_misc_feat_diagonals, nrook_campfire
D:2:      layout_basic, kennysheep_potato, uniq_sigmund
D:3:      layout_basic, bloody_makhleb, nicolae_overflow_ecumenical_swirl,
          lemuel_round_altar, st_stairs_9
D:4:      layout_loops_cross, lemuel_coloured_pillars_altar, slow_altar_1,
          uniq_duvessa

Skill      XL: |  1  2  3  4 |
---------------+-------------+-----
Unarmed Combat | 1 2 3 |  3.1
Fighting       | 1 |  1.6
Transmutations | 1 |  1.4
Dodging        | |  1.5
Stealth        | |  1.0
Spellcasting   | |  1.2
Necromancy     | |  3.2

Action                   |  1- 3 |  4- 6 || total
-------------------------+-------+-------++-------
Melee: Unarmed           |    88 |    53 ||   141
       Punch             |     2 |       ||     2
  Use: Potion            |       |     4 ||     4
 Stab: Sleeping          |     1 |       ||     1
Armor: Robe              |    47 |    13 ||    60
Dodge: Dodged            |    58 |    20 ||    78
